 Dungeon Crawl Stone Soup version 0.31.0-32-g396128a36d (webtiles) character file.

Game seed: 15083819507822806292

29712 cfcfcfcfcf the Blocker (level 13, -2/84 HPs)
             Began as a Gargoyle Earth Elementalist on Apr 19, 2024.
             Was an Initiate of Cheibriados.
             Slain by a +2 spectral lajatang (9 damage)
             ... created by Agnes
             ... on level 14 of the Dungeon.
             The game lasted 00:27:02 (12570 turns).

cfcfcfcfcf the Blocker (GrEE)                      Turns: 12570, Time: 00:27:03

Health: -2/84      AC: 32    Str: 18    XL:     13   Next: 47%
Magic:  8/19       EV:  8    Int: 34    God:    Cheibriados [......]
Gold:   958        SH: 12    Dex:  6    Spells: 16/20 levels left

rFire   + + +        a - +10 hammer of the Hugging Salmon {venom, *Noise Will+ Stlth+}
rCold   + . .        P - +1 kite shield {reflect}
rNeg    + . .        v - +2 chain mail {rC+}
rPois   ∞            m - +2 helmet {Int+3}
rElec   +            D - +1 cloak {Will+}
rCorr   .            Q - +0 pair of gloves {hurl}
SInv    .            R - +0 pair of boots {Fly}
Will    ++...        M - amulet of Nazoc {Faith Str+5 Int+3 Dex-3} Stlth
                     L - ring of Faadunlu {+Blink rF++ Int+6 Dex-5}
HPRegen 0.34/turn    K - ring of Recklessness {rElec rF+ Dex+3}
MPRegen 0.16/turn

%: reflection, faith
@: flying, very slightly contaminated, very slow
A: sickness immunity, AC +9, negative energy resistance 1, electricity
resistance, torment resistance 1, petrification resistance
a: Renounce Religion, Evoke Blink


You were on level 14 of the Dungeon.
You worshipped Cheibriados.
Cheibriados was noncommittal.
You visited 2 branches of the dungeon, and saw 15 of its levels.
You also visited: Trove.

You collected 958 gold pieces.

Inventory:

Hand Weapons
 a - the +10 hammer of the Hugging Salmon (weapon) {venom, *Noise Will+ Stlth+}
   (You found it on level 2 of the Dungeon)

   Will+:     It increases your willpower.
   *Noise:    It may make a loud noise when swung.
   Stlth+:    It makes you more stealthy.
 c - the +5 longbow of Ruzon {antimagic, Will+ Dex-5 SInv}
   (You found it on level 9 of the Dungeon)

   Dex-5:     It affects your dexterity (-5).
   Will+:     It increases your willpower.
   SInv:      It lets you see invisible.
Missiles
 y - a curare-tipped dart
Armour
 m - a +2 helmet of intelligence (worn)
 o - a +1 pair of gloves of stealth
 q - the +1 hat of Qazlal's Inspiration {+Inv Fly Will+}
   (You found it in a treasure trove)

   Will+:     It increases your willpower.
   +Inv:      It lets you turn invisible.
   Fly:       It grants you flight.
 v - a +2 chain mail of cold resistance (worn)
 D - a +1 cloak of willpower (worn)
 O - a +2 kite shield of cold resistance
 P - a +1 kite shield of reflection (worn)
 Q - a +0 pair of gloves of hurling (worn)
 R - a +0 pair of boots of flying (worn)
Magical Staves
 b - a staff of conjuration
Jewellery
 e - the amulet "Qigirusm" {Acrobat rN++ rCorr Str-5 Int+2}
   (You found it on level 10 of the Dungeon)

   [amulet of the acrobat]

   Acrobat:   It increases your evasion while moving and waiting.
   Str-5:     It affects your strength (-5).
   Int+2:     It affects your intelligence (+2).
   rN++:      It greatly protects you from negative energy.
   rCorr:     It protects you from acid and corrosion.
 g - a ring of fire
 K - the ring of Recklessness (right hand) {rElec rF+ Dex+3}
   (You took it off a skeletal warrior on level 10 of the Dungeon)

   [ring of protection from fire]

   Dex+3:     It affects your dexterity (+3).
   rF+:       It protects you from fire.
   rElec:     It insulates you from electricity.
 L - the ring of Faadunlu (left hand) {+Blink rF++ Int+6 Dex-5}
   (You took it off a meliai on level 10 of the Dungeon)

   [ring of intelligence]

   Int+6:     It affects your intelligence (+6).
   Dex-5:     It affects your dexterity (-5).
   rF++:      It greatly protects you from fire.
   +Blink:    It lets you blink.
 M - the amulet of Nazoc (around neck) {Faith Str+5 Int+3 Dex-3}
   (You found it on level 10 of the Dungeon)

   [amulet of faith]

   Faith:     It allows you to gain divine favour quickly.
   Str+5:     It affects your strength (+5).
   Int+3:     It affects your intelligence (+3).
   Dex-3:     It affects your dexterity (-3).
Wands
 n - a wand of mindburst (21)
 u - a wand of iceblast (5)
 G - a wand of charming (22)
Scrolls
 d - a scroll of fear {unknown}
 f - 3 scrolls of enchant armour
 i - 3 scrolls of teleportation
 l - a scroll of amnesia {unknown}
 p - 5 scrolls of poison
 B - a scroll of enchant weapon {unknown}
 F - 2 scrolls of immolation {unknown}
 I - 3 scrolls of revelation
 J - a scroll of summoning {unknown}
 N - a scroll of blinking {unknown}
Potions
 h - 2 potions of berserk rage
 j - a potion of ambrosia {unknown}
 k - a potion of attraction {unknown}
 r - 6 potions of curing
 s - 2 potions of resistance {unknown}
 t - a potion of magic
 w - 2 potions of cancellation {unknown}
 x - 2 potions of enlightenment {unknown}
 z - a potion of brilliance {unknown}
 A - 3 potions of heal wounds
 C - a potion of haste {unknown}
 E - 2 potions of mutation
 H - a potion of might {unknown}


   Skills:
 + Level 11.6 Fighting
 + Level 11.6 Armour
 - Level 3.0 Dodging
 - Level 3.0 Stealth
 + Level 13.3 Shields
 - Level 4.0 Spellcasting
 - Level 6.0 Conjurations
 - Level 8.0 Earth Magic
 + Level 7.8 Invocations


You had 16 spell levels left.
You knew the following spells:

 Your Spells              Type           Power      Damage    Failure   Level
a - Sandblast             Erth           100%       2d20      1%          1
b - Stone Arrow           Conj/Erth      100%       3d13      9%          3

Your spell library contained the following spells:

 Spells                   Type           Power      Damage    Failure   Level
 Passwall                 Erth           57%        N/A       6%          3
 Brom's Barrelling Bould  Conj/Erth      53%        2d7       28%         4
 Dazzling Flash           Conj/Hex       54%        N/A       41%         3
 Hailstorm                Conj/Ice       27%        3d8       41%         3
 Freeze                   Ice            24%        1d4       45%         1
 Mephitic Cloud           Conj/Alch/Air  20%        N/A       56%         3
 Petrify                  Alch/Erth      34%        N/A       69%         4
 Iskenderun's Battlesphe  Conj           47%        2d10      77%         5
 Frozen Ramparts          Ice            12%        1d2       83%         3
 Volatile Blastmotes      Fire/Tloc      12%        2d11      83%         3
 Fulminant Prism          Conj/Alch      13%        3d8       83%         4
 Iskenderun's Mystic Bla  Conj/Tloc      27%        2d7       83%         4
 Cause Fear               Hex            3%         N/A       99%         4
 Ignite Poison            Fire/Alch      6%         N/A       99%         4
 Fireball                 Conj/Fire      13%        3d7       99%         5
 Freezing Cloud           Conj/Ice/Air   10%        6-21      99%         5
 Curse of Agony           Necr           6%         N/A       100%        5
 Silence                  Hex/Air        3%         N/A       100%        5
 Conjure Ball Lightning   Conj/Air       13%        3x3d6     100%        6
 Orb of Destruction       Conj           23%        9d8       100%        7
 Dragon's Call            Summ           3%         N/A       100%        9
 Cigotuvi's Dreadful Rot  Necr/Alch/Air  Unusable   N/A       N/A         2

Dungeon Overview and Level Annotations

Branches:
Dungeon (14/15)            Temple (1/1) D:4            Lair (0/5) D:10
    Orc (0/2) D:11
 Vaults: D:13-14

Altars:
Ashenzari
Cheibriados
Dithmenos
Elyvilon
Fedhas
Gozag
Hepliaklqana
Kikubaaqudgha
Makhleb
Nemelex Xobeh
Okawaru
Qazlal
Ru
Sif Muna
Trog
Uskayaw
Vehumet
Wu Jian
Xom
Yredelemnul
Zin
The Shining One

Shops:
D:4 [   D:10 :

Annotations:
D:4 1 runed translucent door
D:14 Agnes


Innate Abilities, Weirdness & Mutations

You are immune to sickness and miasma.
Your stone body is resilient. (AC +9)
You are immune to poison.
You resist negative energy. (rN+)
You are resistant to electric shocks. (rElec)
You are resistant to unholy torment.
You are immune to petrification.


Message History

The +2 spectral lajatang hits you!
A skeletal warrior comes into view. It is wielding a +0 hand axe.
Agnes barely misses you.
You block the +2 spectral lajatang's attack.
You take 21 damage, and have 28/84 hp.
You now have 7/19 mp.
Throw: 3 darts (curare)
Press: ? - help, Shift-Dir - straight line, f - skeletal warrior, p - Agnes
Aim: a skeletal warrior, wielding a +0 hand axe (wandering, hasn't noticed you, 62% to hit)
You throw a curare-tipped dart.
The curare-tipped dart completely misses Agnes.
The curare-tipped dart closely misses the skeletal warrior.
Agnes hits you but does no damage.
The +2 spectral lajatang hits you but does no damage.
An orc warrior comes into view. It is wielding a +0 hand axe.
Agnes hits you but does no damage. The +2 spectral lajatang hits you.
You take 2 damage, and have 26/84 hp.
Unknown command.
Throw: 2 darts (curare)
Press: ? - help, Shift-Dir - straight line, f/p - skeletal warrior
Aim: a skeletal warrior, wielding a +0 hand axe (62% to hit)
You throw a curare-tipped dart. The curare-tipped dart misses Agnes.
The curare-tipped dart hits the skeletal warrior.
You block Agnes's attack.
You block the +2 spectral lajatang's attack.
Agnes hits you with a +2 spectral lajatang!
The +2 spectral lajatang hits you but does no damage.
You take 9 damage, and have 17/84 hp.
Agnes attacks as she pursues you! You block Agnes's attack.
The +2 spectral lajatang hits you.
* * * LOW HITPOINT WARNING * * *
Agnes hits you but does no damage. The +2 spectral lajatang hits you!
* * * LOW HITPOINT WARNING * * *
You take 12 damage, and have 5/84 hp.
Unknown command.
You feel much better. You block Agnes's attack.
The +2 spectral lajatang hits you but does no damage.
Agnes hits you with a +2 spectral lajatang!
* * * LOW HITPOINT WARNING * * *
The +2 spectral lajatang hits you!
You die...

........(...##...
....}...(..#....#
........)z.#...#
......o.......#
..........z...#
..........#..##
..........#..####
........#.i(....##
..........####@.....#
.........#####.....##
.........#.#.##).###
..#..............##
...#....)......<..#
................###
..............###
...............##
..........#.....#


You could see Agnes, a skeletal warrior, an orc warrior and a +2 spectral
lajatang.

Vanquished Creatures
  A hydra (D:10)
  A vault guard (D:13)
  A centaur warrior (D:10)
  4 boulder beetles
  A two-headed ogre (D:8)
  A tengu warrior (D:10)
  5 skeletal warriors
  An arcanist (D:12)
  Pikel (D:4)
  6 ugly things
  A deep elf pyromancer (D:12)
  A deep elf zephyrmancer (D:12)
  2 cyclopes
  4 manticores
  2 elephants (D:10)
  A meliai (D:10)
  3 gargoyles
  An unseen horror (D:12)
  2 kobold demonologists
  3 komodo dragons
  An efreet (D:14)
  3 trolls
  7 slime creatures (D:13)
  3 shadows (D:10)
  5 wraiths
  4 hogs (D:9)
  A human (D:9)
  3 steam dragons
  8 yaks
  Grum (D:11)
  2 basilisks (D:13)
  3 wyverns
  6 vampire mosquitoes
  Menkaure (D:4)
  4 acid dragons
  2 water moccasins
  5 black bears
  A sky beast (D:7)
  2 ice beasts (D:7)
  3 orc warriors
  4 wolves (D:11)
  A centaur (D:10)
  4 kobold brigands
  3 lemures (D:4)
  Blork the orc (D:4)
  2 bullfrogs
  6 scorpions
  5 wights (D:7)
  5 killer bees (D:9)
  13 howler monkeys
  A hound (D:6)
  3 jellies
  4 orc priests
  A gnoll bouda (D:4)
  A sleepcap (D:3)
  Crazy Yiuf (D:2)
  Ijyb (D:4)
  4 iguanas
  9 orc wizards
  12 gnolls
  8 adders
  2 white imps
  2 ufetubi (D:6)
  3 dart slugs
  2 ribbon worms
  40 orcs
  6 bats
  10 endoplasms
  3 giant cockroaches
  4 goblins
  5 hobgoblins
  7 jackals
  5 quokkas
  6 ball pythons
  3 frilled lizards
  A jackal skeleton (D:4)
  8 kobolds
  7 rats
310 creatures vanquished.

Vanquished Creatures (others)
  An orc (D:10)
1 creature vanquished.

Grand Total: 311 creatures vanquished

Notes
Turn   | Place    | Note
-------+----------+-------------------------------------------
     0 | D:1      | cfcfcfcfcf the Gargoyle Earth Elementalist began the quest
                  | for the Orb.
     0 | D:1      | Reached XP level 1. HP: 10/10 MP: 3/3
   271 | D:1      | Reached XP level 2. HP: 15/15 MP: 3/5
   826 | D:2      | Reached skill level 4 in Earth Magic
   912 | D:2      | Reached XP level 3. HP: 19/19 MP: 4/6
   960 | D:2      | Reached skill level 2 in Dodging
  1025 | D:2      | Reached skill level 2 in Conjurations
  1029 | D:2      | Learned a level 3 spell: Stone Arrow
  1034 | D:2      | Reached skill level 3 in Stealth
  1060 | D:2      | Reached XP level 4. HP: 17/24 MP: 0/7
  1256 | D:2      | Found a runed translucent door.
  1257 | D:2      | Noticed Crazy Yiuf
  1424 | D:2      | Reached skill level 5 in Earth Magic
  1564 | D:2      | Killed Crazy Yiuf
  1574 | D:2      | Identified the +10 hammer of the Hugging Salmon {venom,
                  | *Noise Will+ Stlth+}
  1722 | D:3      | HP: 1/24 [sleepcap (7)]
  1739 | D:3      | Reached skill level 6 in Earth Magic
  1739 | D:3      | Reached XP level 5. HP: 5/28 MP: 8/8
  1967 | D:3      | Found a faded altar of an unknown god.
  2172 | D:3      | Reached skill level 7 in Earth Magic
  2172 | D:3      | Reached XP level 6. HP: 32/32 MP: 4/9
  2588 | D:4      | Noticed Pikel
  2594 | D:4      | Killed Pikel
  2595 | D:4      | Reached skill level 8 in Earth Magic
  2595 | D:4      | Reached skill level 3 in Spellcasting
  2595 | D:4      | Reached skill level 4 in Conjurations
  2595 | D:4      | Reached XP level 7. HP: 31/36 MP: 1/12
  2675 | D:4      | Found a runed translucent door.
  2675 | D:4      | Noticed a human
  2681 | D:4      | Found a basalt altar of Yredelemnul.
  2711 | D:4      | Found Rergh's Armour Shop.
  2737 | D:4      | Noticed Ijyb
  2744 | D:4      | Killed Ijyb
  2871 | D:4      | Found a staircase to the Ecumenical Temple.
  2921 | Temple   | Entered the Ecumenical Temple
  2928 | Temple   | Became a worshipper of Cheibriados the Contemplative
  3006 | D:4      | Reached skill level 1 in Fighting
  3006 | D:4      | Reached skill level 1 in Armour
  3006 | D:4      | Reached XP level 8. HP: 43/43 MP: 7/13
  3045 | D:4      | Noticed Blork the orc
  3053 | D:4      | Killed Blork the orc
  3054 | D:4      | Reached skill level 4 in Spellcasting
  3063 | D:4      | Reached skill level 1 in Shields
  3071 | D:4      | Identified the orb of the Circus Animal {guile, rC+}
  3186 | D:4      | Reached * piety under Cheibriados
  3271 | D:4      | Noticed Menkaure
  3274 | D:4      | Killed Menkaure
  3275 | D:4      | Reached skill level 2 in Fighting
  3275 | D:4      | Reached skill level 2 in Armour
  3275 | D:4      | Reached skill level 3 in Dodging
  3275 | D:4      | Reached skill level 5 in Conjurations
  3388 | D:5      | Entered Level 5 of the Dungeon
  3450 | D:5      | Reached skill level 2 in Shields
  3541 | D:5      | Reached skill level 3 in Fighting
  3556 | D:5      | Reached skill level 3 in Shields
  3642 | D:5      | Reached skill level 4 in Fighting
  3649 | D:5      | Noticed a kobold demonologist
  3655 | D:5      | Killed a kobold demonologist
  3656 | D:5      | Reached skill level 5 in Fighting
  3656 | D:5      | Reached skill level 4 in Shields
  3656 | D:5      | Reached XP level 9. HP: 49/54 MP: 0/15
  3659 | D:5      | Reached ** piety under Cheibriados
  3660 | D:5      | Reached skill level 5 in Shields
  4237 | D:6      | Reached skill level 6 in Shields
  4237 | D:6      | Reached skill level 6 in Conjurations
  4390 | D:6      | Found a shadowy altar of Dithmenos.
  4603 | D:6      | Reached skill level 7 in Shields
  4616 | D:6      | Reached *** piety under Cheibriados
  4911 | D:7      | Reached skill level 1 in Invocations
  5002 | D:7      | Reached skill level 3 in Armour
  5193 | D:7      | Found Isatop's Weapon Boutique.
  5238 | D:7      | Reached skill level 2 in Invocations
  5327 | D:7      | Reached XP level 10. HP: 60/60 MP: 12/16
  5340 | D:7      | Reached skill level 6 in Fighting
  5346 | D:7      | Found a sacrificial altar of Ru.
  5350 | D:7      | Found a broken altar of Ashenzari.
  5885 | D:8      | Noticed a two-headed ogre
  5894 | D:8      | Killed a two-headed ogre
  5895 | D:8      | Reached skill level 4 in Armour
  5895 | D:8      | Reached skill level 8 in Shields
  5895 | D:8      | Reached skill level 3 in Invocations
  6380 | D:9      | Noticed a boulder beetle
  6396 | D:9      | Killed a boulder beetle
  6397 | D:9      | Reached skill level 5 in Armour
  6397 | D:9      | Reached skill level 4 in Invocations
  6437 | D:9      | Noticed a manticore
  6438 | D:9      | Noticed a gargoyle
  6444 | D:9      | Killed a gargoyle
  6444 | D:9      | Killed a manticore
  6444 | D:9      | Reached **** piety under Cheibriados
  6445 | D:9      | Reached skill level 7 in Fighting
  6554 | D:9      | Reached skill level 5 in Invocations
  6596 | D:9      | Reached skill level 9 in Shields
  6640 | D:9      | Reached skill level 6 in Armour
  6645 | D:9      | Reached XP level 11. HP: 53/68 MP: 17/17
  6810 | D:9      | Found a hazy altar of Hepliaklqana.
  6865 | D:9      | Reached skill level 8 in Fighting
  6975 | D:9      | Identified the +5 longbow of Ruzon {antimagic, Will+ Dex-5
                  | SInv}
  7155 | D:9      | Reached ***** piety under Cheibriados
  7183 | D:9      | Found a white marble altar of Elyvilon.
  7343 | D:10     | Entered Level 10 of the Dungeon
  7387 | D:10     | Reached skill level 7 in Armour
  7440 | D:10     | Found a blossoming altar of Fedhas.
  7591 | D:10     | Reached skill level 10 in Shields
  7601 | D:10     | Identified the ring of Faadunlu {+Blink rF++ Int+6 Dex-5}
  7613 | D:10     | Noticed a centaur warrior
  7623 | D:10     | Reached skill level 9 in Fighting
  7625 | D:10     | Killed a centaur warrior
  7626 | D:10     | Reached skill level 8 in Armour
  7627 | D:10     | Noticed a seven-headed hydra
  7808 | D:10     | Noticed a cyclops
  7814 | D:10     | Killed a cyclops
  7831 | D:10     | Identified the ring of Recklessness {rElec rF+ Dex+3}
  7831 | D:10     | Noticed a skeletal warrior
  7840 | D:10     | Killed a skeletal warrior
  7854 | D:10     | Noticed a red ugly thing
  7856 | D:10     | Killed a seven-headed hydra
  7865 | D:10     | Killed a red ugly thing
  7866 | D:10     | Reached XP level 12. HP: 29/77 MP: 0/18
  7944 | D:10     | Identified the +6 war axe of Magnificence {heavy, *Corrode
                  | rElec rPois rN++}
  7970 | D:10     | Noticed a tengu warrior
  7981 | D:10     | Killed a tengu warrior
  7982 | D:10     | Reached skill level 10 in Fighting
  7982 | D:10     | Reached skill level 9 in Armour
  7982 | D:10     | Reached skill level 11 in Shields
  8164 | D:10     | Identified the amulet of Nazoc {Faith Str+5 Int+3 Dex-3}
  8192 | D:10     | Identified the amulet "Qigirusm" {Acrobat rN++ rCorr Str-5
                  | Int+2}
  8350 | D:10     | Found Qaxiog's Self-Improvement Boutique.
  8816 | D:10     | Found a staircase to the Lair.
  8992 | D:11     | Found a staircase to the Orcish Mines.
  9045 | D:11     | Noticed Grum
  9060 | D:11     | Killed Grum
  9142 | D:11     | Reached skill level 10 in Armour
  9329 | D:11     | Reached skill level 12 in Shields
  9528 | D:11     | Noticed a boulder beetle
  9541 | D:11     | Killed a boulder beetle
 10055 | D:12     | Reached ****** piety under Cheibriados
 10368 | D:12     | Reached skill level 6 in Invocations
 10816 | D:13     | Noticed a boulder beetle
 10825 | D:13     | Killed a boulder beetle
 10918 | D:13     | Reached XP level 13. HP: 84/84 MP: 6/19
 10958 | D:13     | Noticed a vault guard
 10973 | D:13     | Killed a vault guard
 10974 | D:13     | Reached skill level 11 in Fighting
 10974 | D:13     | Reached skill level 11 in Armour
 11004 | D:13     | Reached skill level 7 in Invocations
 11265 | D:13     | Found a portal to a secret trove of treasure.
 11270 | Trove    | Entered a treasure trove
 11298 | Trove    | Identified the +1 hat of Qazlal's Inspiration {+Inv Fly
                  | Will+}
 11333 | Trove    | Identified the +0 tower shield "Wusefoys" {Harm Str+4
                  | Dex+3}
 11401 | Trove    | Identified the +2 pair of boots of Axyurr {Rampage rN+}
 11403 | Trove    | Identified the +5 barding of Virtue {Fly MP+9 Dex-3 Slay+2}
 11546 | D:13     | Reached skill level 13 in Shields
 11976 | D:14     | Noticed Agnes
 12570 | D:14     | Slain by a +2 spectral lajatang

Illustrated notes

Levels and vault maps discovered:
D:1:      dpeg_arrival_round_c, layout_loops_ring, minmay_tiny_reverse_x
D:2:      layout_loops_cross, lightli_corner_chamber, uniq_crazy_yiuf_cottage
D:3:      layout_basic, shapermc_ecumenical_altar_totnotflames
D:4:      layout_basic, dk_yredelemnul_ordeal,
          minmay_temple_entry_statues_pillars, serial_shops,
          nicolae_shop_rolling_square, hangedman_decor_push,
          hangedman_decor_lopped, minmay_checkerbox, uniq_menkaure, uniq_pikel,
          uniq_blork_the_orc, uniq_ijyb
D:5:      minmay_diamond_boxcup, layout_basic
D:6:      layout_basic, amcnicky_altar_gilded, hangedman_abyss_or_decor_stagger
D:7:      layout_loops_ring, jmf_multi_god_temple2, nicolae_take_the_stairs
D:8:      layout_basic
D:9:      minmay_cornered_nines, layout_irregular_city,
          overflow_temple_1_default, elyvilon_altar_1,
          nicolae_concentric_dashed_squares_mild, minivault_22, grunt_livestock
D:10:     minmay_the_grid_triangle_9x9_recursive_2
          [minmay_the_grid_triangle_9x9_prize_special,
          minmay_the_grid_triangle_9x9_impossible_snake,
          minmay_the_grid_triangle_9x9_odd_lines,
          minmay_the_grid_triangle_9x9_sparse_checkered], layout_loops_corners,
          fedhas_ov_isle_minmay, grunt_lair_entry_orc_guard_hut,
          nicolae_shop_self_help
D:11:     layout_stronghold, david_orc_3, uniq_grum
D:12:     layout_grid_maze, billiards_dpeg
D:13:     layout_basic, enter_trove_5
D:14:     layout_cave_pools, grunt_vaults_entry_tiered,
          ebering_ghost_inner_flame, hangedman_decor_clover_reticule,
          uniq_agnes, uniq_louise
Temple:   regret_index_temple_waves

Skill      XL: |  1  2  3  4  5  6  7  8  9 10 11 12 13 |
---------------+----------------------------------------+-----
Earth Magic    | 4 6 7 8 |  8.0
Dodging        | 2 3 |  3.0
Conjurations   | 2 4 5 6 |  6.0
Stealth        | 3 |  3.0
Spellcasting   | 3 4 |  4.0
Fighting       | 1 5 7 9 10 11 | 11.6
Armour         | 1 2 3 6 8 10 11 | 11.6
Shields        | 4 7 9 10 12 13 | 13.3
Invocations    | 2 5 6 7 |  7.8

Action                     |  1- 3 |  4- 6 |  7- 9 | 10-12 | 13-15 || total
---------------------------+-------+-------+-------+-------+-------++-------
  Melee: Unarmed           |    36 |     6 |       |       |       ||    42
         Mace              |       |    26 |    23 |   103 |    52 ||   204
   Fire: Longbow           |       |       |       |     5 |       ||     5
  Throw: Dart              |       |       |       |     3 |     5 ||     8
   Cast: Sandblast         |    41 |    70 |   129 |   238 |    38 ||   516
         Stone Arrow       |       |     2 |     5 |    55 |    44 ||   106
  Evoke: Wand              |       |       |       |     6 |       ||     6
    Use: Potion            |       |     1 |       |     3 |     1 ||     5
         Scroll            |       |       |       |     8 |     2 ||    10
   Stab: Sleeping          |       |       |     1 |     1 |       ||     2
         Distracted        |       |       |       |     1 |       ||     1
 Armour: Robe              |    29 |    38 |    28 |       |       ||    95
         Ring mail         |       |       |    11 |       |       ||    11
         Steam dragon scal |       |       |     1 |   176 |       ||   177
         Chain mail        |       |       |       |    83 |    83 ||   166
  Dodge: Dodged            |    47 |    51 |    39 |   157 |    29 ||   323
  Block: Other             |     1 |    12 |       |       |       ||    13
         Kite shield       |       |       |    81 |   361 |    73 ||   515
         Reflection        |       |       |     3 |     7 |       ||    10
